 Dungeon Crawl Stone Soup version 0.23-a0-393-g6e9e0f2070 (webtiles) character file.

11254 LostNumber the Slicer (level 12, -14/77 HPs)
             Began as a Kobold Assassin on Oct 31, 2018.
             Was a Priest of Yredelemnul.
             Demolished by a komodo dragon (23 damage)
             ... on level 3 of the Lair of Beasts.
             The game lasted 00:34:52 (13174 turns).

LostNumber the Slicer (Kobold Assassin)            Turns: 13174, Time: 00:34:52

Health: -14/77     AC: 10    Str: 12    XL:     12   Next: 5%
Magic:  0/18       EV: 18    Int: 13    God:    Yredelemnul [***...]
Gold:   682        SH:  0    Dex: 17    Spells: 11/11 levels left

rFire    . . .     SeeInvis .   a - +2 demon trident (elec)
rCold    . . .     Gourm    .   (shield currently unavailable)
rNeg     . . .     Faith    .   y - +2 robe {MR+}
rPois    +         Spirit   +   (no helmet)
rElec    .         Reflect  .   d - +0 cloak
rCorr    .         Harm     .   (no gloves)
MR       +....                  o - +1 pair of boots
Stlth    ++++......             M - amulet of guardian spirit
HPRegen  0.22/turn              h - +3 ring of protection
MPRegen  0.16/turn              n - ring of poison resistance

@: no status effects
A: small, carnivore
a: Recall Undead Slaves, Injury Mirror, Animate Dead, Renounce Religion


You were on level 3 of the Lair of Beasts.
You worshipped Yredelemnul.
Yredelemnul was most pleased with you.
You were full.

You visited 2 branches of the dungeon, and saw 11 of its levels.
You also visited: Sewer.

You collected 682 gold pieces.

Inventory:

Hand Weapons
 a - a +2 demon trident of electrocution (weapon)
 b - a +0 blowgun
Missiles
 e - 35 poisoned needles
 f - 16 curare-tipped needles
 A - 27 tomahawks (quivered)
 R - 7 tomahawks of returning
Armour
 c - a +0 robe
 d - a +0 cloak (worn)
 o - a +1 pair of boots (worn)
 u - a +0 ring mail
 y - a +2 robe of magic resistance (worn)
 C - a +0 troll leather armour {Purgy}
Jewellery
 h - a +3 ring of protection (left hand)
 m - an uncursed ring of flight
 n - a ring of poison resistance (right hand)
 v - an uncursed ring of ice
 M - an amulet of guardian spirit (around neck)
 T - a +3 amulet of reflection
 U - an uncursed ring of protection from magic
 V - an uncursed amulet of magic regeneration {unknown}
 W - an uncursed ring of protection from fire
Wands
 B - a wand of disintegration (14)
 H - a wand of flame (20)
 J - a wand of random effects (53)
 S - a wand of polymorph (12)
Scrolls
 i - 2 scrolls of random uselessness {unknown}
 j - 3 scrolls of enchant weapon {unknown}
 r - 4 scrolls of amnesia
 w - a scroll of magic mapping {unknown}
 z - 9 scrolls of remove curse
 E - 3 scrolls of teleportation
 G - 3 scrolls of blinking {unknown}
 K - a scroll of fear {unknown}
 L - 4 scrolls of fog {unknown}
 Q - 3 scrolls of identify
Potions
 k - 2 potions of curing
 l - a potion of haste
 p - a potion of resistance
 q - 2 potions of ambrosia
 D - 9 potions of flight
 F - a potion of heal wounds
 I - a potion of brilliance
 O - a potion of might
Comestibles
 g - 27 rations


   Skills:
 + Level 9.6 Fighting
   Level 10.0 Short Blades
 * Level 1.7 Polearms
 - Level 8.0 Throwing
 - Level 2.4 Armour
 + Level 5.6 Dodging
 - Level 8.0 Stealth
   Level 5.6 Shields
 + Level 8.3 Invocations


You had 11 spell levels left.
You didn't know any spells.
Your spell library contained the following spells:

 Spells                   Type           Power        Failure   Level  Hunger
 Animate Skeleton         Necr           N/A          30%         1    ##.....
 Apportation              Tloc           #.....       30%         1    ##.....
 Confusing Touch          Hex            #.....       30%         1    ##.....
 Magic Dart               Conj           #...         30%         1    ##.....
 Summon Small Mammal      Summ           #...         30%         1    ##.....
 Blink                    Tloc           N/A          43%         2    ###....
 Call Imp                 Summ           #.......     43%         2    ###....
 Searing Ray              Conj           #.....       43%         2    ###....
 Slow                     Hex            #.......     43%         2    ###....
 Conjure Flame            Conj/Fire      #.......     67%         3    ####...
 Dazzling Spray           Conj/Hex       #.....       67%         3    ####...
 Mephitic Cloud           Conj/Pois/Air  #.......     67%         3    ####...
 Force Lance              Conj/Tloc      #.......     97%         4    #####..
 Fulminant Prism          Conj/Hex       #.........   97%         4    #####..
 Iskenderun's Mystic Bla  Conj           #.......     97%         4    #####..


Dungeon Overview and Level Annotations

Branches:
Dungeon (8/15)             Temple (0/1) D:6            Lair (3/6) D:8
  Swamp (0/4) Lair:3
  Snake: Lair:2-4    Spider: Lair:2-4

Altars:
Ashenzari
Dithmenos
Gozag
Kikubaaqudgha
Nemelex Xobeh
Sif Muna
Yredelemnul


Innate Abilities, Weirdness & Mutations

You are small and have problems with some larger weapons.
You are carnivorous and can eat meat at any time.


Message History

Press: ? - help, Dir - move target cursor, f/p - komodo dragon
Aim: a komodo dragon (lightly wounded)
You could not reach far enough!
Your yak zombie gores the komodo dragon but does no damage.
Your yak zombie gores the komodo dragon!
You call on the dead to rise...
The dead are walking!
You feel somewhat less full.
You feel less wooden.
Your +0 cloak unmelds from your body.
Your +1 pair of boots unmelds from your body.
Your +2 robe of magic resistance unmelds from your body.
You feel resistant to hostile enchantments.
The komodo dragon completely misses you.
Your yak zombie gores the komodo dragon but does no damage.
Unknown command.
Your yak zombie barely misses the komodo dragon.
There is a stone staircase leading up here.
The komodo dragon bites you!!
You die...
Your body rises from the dead as a mindless zombie.

P..#.#.....#...## #..
........#.... . ..
##.......... # ..♣♣ ..
#P........ .# .♣≈§♣♣.
##.....# .# ≈≈Y§§≈.
#......###P.##.
≈≈≈§§§≈##..............
≈≈≈§§≈§≈.#.............
≈≈≈§§≈≈§....@..........
≈♣≈≈≈§♣....Zl<.........
.≈≈z♣§.....Z...........
..l ♣.....Z............
.. ♣............###...#
. #####.##....P# ...#
####.....# .#. #......
#....###


You could see a komodo dragon and 3 friendly yak zombies.

Vanquished Creatures
  Urug (Lair:2)
  Nergalle (Lair:1)
  A spiny frog (Lair:1)
  Grinder (D:3)
  A hornet (D:7)
  2 hippogriffs (Lair:1)
  5 yaks
  Grum (Lair:1)
  3 porcupines
  2 water moccasins
  A sky beast (D:6)
  Purgy (Sewer)
  5 orc warriors
  A phantom (D:5)
  3 ogres
  4 wolves (Lair:1)
  2 centaurs
  5 crocodiles
  2 bullfrogs
  28 killer bees
  2 howler monkeys
  A centaur zombie (D:7)
  4 crimson imps
  3 orc priests
  A bullfrog skeleton (D:6)
  5 hounds
  A jelly (D:7)
  Crazy Yiuf (D:3)
  Jessica (D:3)
  An iguana (D:7)
  Natasha (thrice) (D:4)
  14 orc wizards
  5 worker ants
  13 gnolls
  17 adders
  2 shadow imps
  2 oozes
  An adder skeleton (D:7)
  5 worms
  2 dart slugs
  4 leopard geckos
  40 orcs
  7 bats
  9 giant cockroaches
  19 hobgoblins
  11 jackals
  2 ball pythons (Sewer)
  11 frilled lizards
  16 goblins
  12 kobolds
  A leopard gecko skeleton (D:6)
  5 rats
  2 fungi (D:3)
293 creatures vanquished.

Vanquished Creatures (collateral kills)
  A hydra (Lair:2)
  Sonja (Lair:2)
  An ugly thing (D:8)
  A spiny frog (Lair:1)
  2 komodo dragons (Lair:3)
  A hornet (D:8)
  2 hippogriffs
  5 yaks
  Menkaure (D:7)
  An orc warrior (D:8)
  An ogre (D:8)
  2 wolves (Lair:1)
  3 crocodiles
  A bullfrog (Lair:3)
  25 killer bees
  An electric eel (Lair:3)
  2 orc priests
  A gnoll shaman (D:8)
  An orc wizard (D:8)
  A worker ant (D:8)
  5 gnolls (D:8)
  4 orcs
  8 fungi
  5 plants
76 creatures vanquished.

Vanquished Creatures (others)
  10 flying skulls
  A wraith (Lair:3)
  A hippogriff skeleton (D:8)
  A yak zombie (Lair:3)
  A wight (D:7)
  A bullfrog zombie (Lair:3)
  10 killer bee zombies (D:8)
  A hound zombie (D:8)
  An ogre skeleton (D:8)
  A hound skeleton (D:6)
  A howler monkey zombie (D:7)
  A worker ant zombie (D:6)
  An adder zombie (D:8)
  An iguana zombie (D:7)
  3 gnoll zombies (D:8)
  A jackal zombie (D:8)
  6 orc zombies
42 creatures vanquished.

Grand Total: 411 creatures vanquished

Notes
Turn   | Place    | Note
-------+----------+-------------------------------------------
     0 | D:1      | LostNumber the Kobold Assassin began the quest for the Orb.
     0 | D:1      | Reached XP level 1. HP: 12/12 MP: 1/1
    62 | D:1      | Reached skill level 3 in Short Blades
    62 | D:1      | Reached XP level 2. HP: 18/18 MP: 2/2
   414 | D:1      | Reached XP level 3. HP: 22/22 MP: 3/3
  1043 | D:2      | Reached XP level 4. HP: 21/27 MP: 4/4
  1160 | D:2      | Reached skill level 4 in Short Blades
  1477 | D:2      | Reached XP level 5. HP: 32/32 MP: 5/5
  2075 | D:2      | Found a basalt altar of Yredelemnul.
  2087 | D:2      | Found a shadowy altar of Dithmenos.
  2088 | D:2      | Found a deep blue altar of Sif Muna.
  2235 | D:2      | Became a worshipper of Yredelemnul the Dark
  2284 | D:3      | Noticed Grinder
  2288 | D:3      | Killed Grinder
  2288 | D:3      | Reached skill level 5 in Short Blades
  2288 | D:3      | Reached skill level 1 in Invocations
  2288 | D:3      | Reached XP level 6. HP: 37/37 MP: 6/6
  2288 | D:3      | Reached XP level 7. HP: 41/41 MP: 7/7
  2444 | D:3      | Found a sparkling altar of Nemelex Xobeh.
  2697 | D:3      | Found a runed door.
  2737 | D:3      | Noticed Jessica
  2743 | D:3      | Killed Jessica
  2743 | D:3      | Reached skill level 6 in Short Blades
  3394 | D:3      | Noticed Crazy Yiuf
  3398 | D:3      | Killed Crazy Yiuf
  3398 | D:3      | Reached * piety under Yredelemnul
  3447 | D:4      | Found a glowing drain.
  3810 | Sewer    | Entered a sewer
  3865 | Sewer    | Noticed Purgy
  3892 | Sewer    | Killed Purgy
  3892 | Sewer    | Reached XP level 8. HP: 48/48 MP: 9/9
  4216 | D:4      | Identified the +0 chain mail of the Endless Expanse {Str+4
                  | SInv}
  4219 | D:4      | Reached skill level 7 in Short Blades
  4441 | D:4      | Found a shattered altar of Ashenzari.
  4623 | D:4      | Noticed Natasha
  4721 | D:4      | Killed Natasha
  5051 | D:4      | Noticed Natasha
  5060 | D:4      | Killed Natasha
  5160 | D:4      | Noticed Natasha
  5169 | D:4      | Killed Natasha
  5183 | D:5      | Entered Level 5 of the Dungeon
  5508 | D:5      | Found the +5 scythe "Finisher" {speed, Str+3}
  5710 | D:5      | Reached skill level 8 in Short Blades
  5973 | D:4      | Reached XP level 9. HP: 53/53 MP: 11/11
  6109 | D:5      | Reached skill level 5 in Throwing
  6467 | D:4      | Reached skill level 5 in Fighting
  6692 | D:5      | Reached ** piety under Yredelemnul
  6992 | D:6      | Reached skill level 9 in Short Blades
  7014 | D:6      | Reached skill level 1 in Shields
  7483 | D:6      | Reached *** piety under Yredelemnul
  7774 | D:6      | Found a staircase to the Ecumenical Temple.
  7924 | D:7      | Noticed a hornet
  7932 | D:7      | Killed a hornet
  8048 | D:7      | Reached skill level 10 in Short Blades
  8152 | D:7      | Received a gift from Yredelemnul (a wight)
  8204 | D:7      | Reached XP level 10. HP: 60/60 MP: 13/13
  8214 | D:7      | Reached skill level 5 in Invocations
  8345 | D:7      | Noticed Menkaure
  8352 | D:7      | Killed Menkaure
  8879 | D:8      | Found an opulent altar of Gozag.
  8908 | D:8      | Received a gift from Yredelemnul (3 flying skulls)
  9132 | D:8      | Noticed a green ugly thing
  9146 | D:8      | Reached **** piety under Yredelemnul
  9692 | D:8      | Received a gift from Yredelemnul (a wraith)
  9797 | D:8      | Reached skill level 5 in Shields
  9849 | D:8      | Killed a green ugly thing
 10141 | D:8      | Reached XP level 11. HP: 59/67 MP: 15/15
 10201 | D:8      | Received a gift from Yredelemnul (3 flying skulls)
 10431 | D:8      | Found a staircase to the Lair.
 10907 | Lair:1   | Entered Level 1 of the Lair of Beasts
 11170 | Lair:1   | Noticed Grum
 11176 | Lair:1   | Killed Grum
 11427 | Lair:1   | Reached skill level 1 in Armour
 11589 | Lair:1   | Noticed Nergalle
 11595 | Lair:1   | Killed Nergalle
 12132 | Lair:2   | Noticed a five-headed hydra
 12143 | Lair:2   | Killed a five-headed hydra
 12144 | Lair:2   | Received a gift from Yredelemnul (4 flying skulls)
 12450 | Lair:2   | Noticed Sonja
 12460 | Lair:2   | Killed Sonja
 12559 | Lair:2   | Reached skill level 5 in Dodging
 12816 | Lair:2   | Noticed Urug
 12832 | Lair:2   | Killed Urug
 12856 | Lair:2   | Found an ancient bone altar of Kikubaaqudgha.
 13106 | Lair:3   | Found a staircase to the Swamp.
 13131 | Lair:3   | Reached skill level 1 in Polearms
 13136 | Lair:3   | Reached XP level 12. HP: 7/76 MP: 1/18
 13144 | Lair:3   | HP: 1/115 [porcupine (6)]
 13174 | Lair:3   | Demolished by a komodo dragon

Vault maps used:
D:1:      minmay_arrival_stone_box, nrook_campfire
D:2:      cheibrodos_greedy_goblins, minitemple
D:3:      nemelex_xobeh_ov_fountains_minmay, uniq_grinder,
          uniq_crazy_yiuf_cottage, uniq_jessica
D:4:      lemuel_doored_altar, gup_sewer_entry_glass, first_ration, uniq_natasha
D:6:      corexii_shantytown, minmay_temple_entry_nine_rooms
D:7:      kennysheep_small_circle, uniq_menkaure
D:8:      wad_woods_minihive, overflow_temple_1_default, lair_entry_dummy
Lair:1:   statuecave_lemuel, serial_bayou_pond_a, grunt_megastairs_1,
          uniq_nergalle, uniq_grum
Lair:2:   basic_altar, uniq_sonja, uniq_urug
Lair:3:   swamp_mist_pool, beast_lair_carwin_8
Sewer:    sewer_co_purgy_island

Skill      XL: |  1  2  3  4  5  6  7  8  9 10 11 |
---------------+----------------------------------+-----
Short Blades   | 3 4 5 6 8 10 | 10.0
Dodging        | 2 3 5 |  5.6
Throwing       | 3 4 6 7 8 |  8.0
Stealth        | 6 7 8 |  8.0
Fighting       | 3 4 6 7 9 |  9.6
Invocations    | 1 2 3 4 6 8 |  8.3
Shields        | 2 5 |  5.6
Armour         | 2 |  2.4
Polearms       | 1 |  1.7

Action                   |  1- 3 |  4- 6 |  7- 9 | 10-12 || total
-------------------------+-------+-------+-------+-------++-------
Melee: Dagger            |    97 |   133 |   653 |   414 ||  1297
       Mace              |       |     3 |       |       ||     3
       Demon trident     |       |       |       |    22 ||    22
 Fire: Blowgun           |     3 |     9 |    44 |     9 ||    65
Throw: Tomahawk          |       |       |     9 |       ||     9
Invok: Animate Remains   |       |       |     2 |       ||     2
       Animate Dead      |       |       |     6 |    45 ||    51
       Recall Undead Sla |       |       |     1 |     7 ||     8
Evoke: Wand              |       |       |       |     2 ||     2
  Use: Scroll            |       |       |     7 |     8 ||    15
       Potion            |       |       |       |     5 ||     5
 Stab: Sleeping          |     5 |     4 |    33 |    12 ||    54
       Distracted        |       |       |       |     9 ||     9
  Eat: Chunk             |     9 |     3 |    21 |    26 ||    59
Armor: Robe              |    20 |    20 |    96 |    64 ||   200
       Ring mail         |       |     1 |    13 |       ||    14
       Skin              |       |       |       |    21 ||    21
Dodge: Dodged            |    87 |    65 |   313 |   288 ||   753
Block: Buckler           |       |       |       |    16 ||    16

Table legend:
 A = Non-vault XP
 B = Vault XP
 C = Vault XP percentage of total XP
 D = Non-vault monster count
 E = Vault monster count
 F = Vault count percentage of total count
                 A         B        C        D         E       F
            +---------+---------+-------+---------+---------+-------
      Total |   10119 |    5959 |  37.1 |     243 |     111 |  31.4
            +---------+---------+-------+---------+---------+-------
        D:1 |      39 |       0 |   0.0 |      14 |       0 |   0.0
        D:2 |     208 |      18 |   8.0 |      34 |       9 |  20.9
        D:3 |     272 |     367 |  57.4 |      30 |       3 |   9.1
        D:4 |     584 |      68 |  10.4 |      30 |       6 |  16.7
        D:5 |     538 |       0 |   0.0 |      13 |       0 |   0.0
        D:6 |    1040 |      69 |   6.2 |      28 |      22 |  44.0
        D:7 |    1185 |     560 |  32.1 |      26 |      10 |  27.8
        D:8 |    1398 |    1716 |  55.1 |      36 |      40 |  52.6
     Lair:1 |    2844 |    1271 |  30.9 |      17 |       5 |  22.7
     Lair:2 |    1064 |    1009 |  48.7 |       6 |       2 |  25.0
     Lair:3 |     947 |     739 |  43.8 |       9 |       5 |  35.7
      Sewer |       0 |     142 | 100.0 |       0 |       9 | 100.0
            +---------+---------+-------+---------+---------+-------
